 Dungeon Crawl Stone Soup version 0.31-a0-1005-gfbdfbacc72 (webtiles) character file.

Game seed: 5875278543820156502

37 EC1 the Ducker (level 3, 0/28 HPs)
             Began as a Merfolk Gladiator on Nov 11, 2023.
             Succumbed to an adder's poison
             ... on level 2 of the Dungeon.
             The game lasted 00:03:17 (1086 turns).

EC1 the Ducker (Merfolk Gladiator)                  Turns: 1086, Time: 00:03:18

Health: 0/28       AC:  4    Str: 14    XL:     3   Next: 39%
Magic:  3/3        EV: 14    Int:  7    God:
Gold:   99         SH:  0    Dex: 17    Spells: 2/2 levels left

rFire   . . .        a - +1 trident
rCold   . . .        (no shield)
rNeg    . . .        b - +0 leather armour
rPois   .            c - +0 helmet
rElec   .            (no cloak)
rCorr   .            (no gloves)
SInv    .            (no boots)
Will    .....        (no amulet)
Stlth   +            (no ring)
HPRegen 0.24/turn    (no ring)
MPRegen 0.08/turn

%: no passive effects
@: lethally poisoned (0 -> -1)
A: (nimble swimmer 2), mertail
a: no special abilities


You were on level 2 of the Dungeon.
You visited 1 branch of the dungeon, and saw 2 of its levels.

You collected 99 gold pieces.

Inventory:

Hand Weapons
 a - a +1 trident (weapon)
 f - a +1 short sword of draining
Missiles
 d - 3 throwing nets (quivered)
 e - a javelin
 j - 4 poisoned darts
Armour
 b - a +0 leather armour (worn)
 c - a +0 helmet (worn)
 i - a +0 scale mail
Scrolls
 g - a scroll of identify {unknown}
 k - a scroll of silence {unknown}
Potions
 h - a potion of curing {unknown}


   Skills:
 + Level 2.7 Fighting
 + Level 4.5 Polearms
 + Level 2.0 Throwing
 + Level 0.2 Armour
 + Level 4.7 Dodging
 + Level 0.5 Stealth


You had 2 spell levels left.
You didn't know any spells.
Your spell library was empty.

Dungeon Overview and Level Annotations

Branches:
Dungeon (2/15)

Altars:


Innate Abilities, Weirdness & Mutations

((You are very nimble when in or above water. (Stealth+, EV+, Speed+++)))
Your lower body shifts to a powerful aquatic tail in water.


Message History

You closely miss the adder.
You feel sick. The adder closely misses you.
You barely miss the adder.
You feel sick. The adder misses you. The adder bites you but does no damage.
You completely miss the adder.
You feel sick. The adder misses you.
You completely miss the adder.
You feel sick. The adder bites you. The adder barely misses you.
You miss the adder.
You feel sick. The adder misses you.
You feel sick.
You are no longer poisoned.
You see here 2 fuming golden potions.
You barely miss the adder. The adder misses you. x2
You barely miss the adder. The adder bites you.
You are poisoned.
The adder poisons you!
You closely miss the adder.
You feel sick. The adder bites you.
You are more poisoned.
The adder poisons you! The adder bites you.
You hit the adder.
The adder is heavily wounded.
You feel sick. The adder bites you.
* * * LOW HITPOINT WARNING * * *
You closely miss the adder.
The adder is heavily wounded.
You feel sick. The adder misses you.
You barely miss the adder.
The adder is heavily wounded.
You feel sick. The adder bites you.
* * * LOW HITPOINT WARNING * * *
The adder misses you.
You hit the adder.
The adder is severely wounded.
* * * LOW HITPOINT WARNING * * *
You feel sick. The adder bites you but does no damage.
You miss the adder.
The adder is severely wounded.
* * * LOW HITPOINT WARNING * * *
You feel sick. The adder barely misses you.
You closely miss the adder.
The adder is severely wounded.
You die...

.....##.. .........
#......... ......#.#
#....##..###........ ##
.........<<........
...##..................
........###†#...#.#.#.
........+....#..#.#.#
........#....#....#.#
#..S@....##.....#
......................>.#
###.#.###.....#..##.....#
# #. ..###.#..# .....# #
##.. ...... .....#
................#
......#######.... .....
..##


You could see an adder.

Vanquished Creatures
  A dart slug (D:1)
  7 endoplasms
  2 goblins (D:1)
  4 hobgoblins (D:1)
  2 jackals (D:1)
  3 quokkas (D:1)
  2 ball pythons (D:1)
  3 bats (D:1)
  2 kobolds (D:1)
  4 rats
30 creatures vanquished.

Notes
Turn   | Place    | Note
-------+----------+-------------------------------------------
     0 | D:1      | EC1 the Merfolk Gladiator began the quest for the Orb.
     0 | D:1      | Reached XP level 1. HP: 16/16 MP: 1/1
   135 | D:1      | Reached XP level 2. HP: 23/23 MP: 2/2
   475 | D:1      | Reached XP level 3. HP: 28/28 MP: 3/3
  1085 | D:2      | HP: 1/28 [poisoned by an adder]
  1086 | D:2      | Succumbed to an adder's poison

Illustrated notes

Levels and vault maps discovered:
D:1:      spicycebolla_arrival_xxxplode, layout_basic
D:2:      layout_basic, basic_altar

Action                     || total
---------------------------++-------
  Melee: Trident           ||    89
    Use: Scroll            ||     5
   Stab: Sleeping          ||     2
 Armour: Leather armour    ||    33
  Dodge: Dodged            ||    53

Table legend: (Time is in decaauts)
 A = Elapsed time spent in this place.
 B = Non-inter-level travel time spent in this place.
 C = Inter-level travel time spent in this place.
 D = Time resting spent in this place.
 E = Time spent auto-exploring this place.
 F = Levels seen in this place.
 G = Mean time per level.
                   A        B        C        D        E       F      G
               +--------+--------+--------+--------+--------+-----+--------+
         Total |   1093 |   1024 |     69 |      0 |    302 |   2 |  546.5 |
       Dungeon |   1093 |   1024 |     69 |      0 |    302 |   2 |  546.5 |
               +--------+--------+--------+--------+--------+-----+--------+

Top non-repeatable levels by time:
     D:1: 1049 daAuts
     D:2: 44 daAuts
